 Dungeon Crawl Stone Soup version 0.23.2-40-g277498a (webtiles) character file.

Game seed: 8623489838149375422

18440 Fang the Fighter (level 12, 0/80 HPs)
             Began as a Gargoyle Berserker on July 19, 2019.
             Was a High Priest of Trog.
             Killed from afar by Fannar (46 damage)
             ... with a bolt of cold
             ... on level 2 of the Lair of Beasts on Aug 28, 2019.
             The game lasted 00:16:43 (12918 turns).

Fang the Fighter (Gargoyle Berserker)              Turns: 12918, Time: 00:16:43

Health: 0/80       AC: 33    Str: 26    XL:     12   Next: 58%
Magic:  12/12      EV:  8    Int:  8    God:    Trog [*****.]
Gold:   739        SH:  0    Dex:  9    Spells: 11/11 levels left

rFire    . . .     SeeInvis .   a - +3 battleaxe
rCold    . . .     Gourm    .   (shield currently unavailable)
rNeg     + . .     Faith    .   b - +0 crystal plate armour
rPois    ∞         Spirit   .   (no helmet)
rElec    +         Reflect  .   (no cloak)
rCorr    .         Harm     .   (no gloves)
MR       .....                  s - +2 pair of boots
Stlth    ..........             (no amulet)
HPRegen  0.23/turn              m - +3 ring of slaying
MPRegen  0.13/turn              v - ring of flight

@: no status effects
A: negative energy resistance 1, electricity resistance, unbreathing,
petrification resistance, rot immunity, AC +8
a: Berserk, Trog's Hand, Brothers in Arms, Renounce Religion, Evoke Flight


You were on level 2 of the Lair of Beasts.
You worshipped Trog.
Trog was extremely pleased with you.
You were not hungry.

You visited 3 branches of the dungeon, and saw 15 of its levels.

You collected 739 gold pieces.

Inventory:

Hand Weapons
 a - a +3 battleaxe (weapon)
 h - the +8 hand axe "Cujudo" {antimagic, Int+3}
   (Trog gifted it to you on level 12 of the Dungeon)

   It reduces the magical energy of the wielder, and disrupts the spells and
   magical abilities of those hit.
   Natural abilities and divine invocations are not affected.
   It affects your intelligence (+3).
Armour
 b - a +0 crystal plate armour (worn)
 s - a +2 pair of boots (worn)
Jewellery
 m - a +3 ring of slaying (left hand)
 v - a ring of flight (right hand)
Wands
 g - a wand of iceblast (16)
 j - a wand of random effects (22)
 l - a wand of acid (8)
 p - a wand of paralysis (5)
 w - a wand of digging (5)
 x - a wand of flame (5)
 A - a wand of scattershot (7)
Scrolls
 d - 5 scrolls of teleportation
 o - 5 scrolls of remove curse
 u - 5 scrolls of identify
Potions
 e - 7 potions of curing
 f - 2 potions of resistance {unknown}
 k - a potion of flight
 n - 2 potions of haste
 q - a potion of berserk rage {unknown}
 r - 3 potions of might
 t - 3 potions of heal wounds {unknown}
 z - 4 potions of degeneration {unknown}
Comestibles
 c - 25 rations
 i - a chunk of flesh


   Skills:
 + Level 11.5 Fighting
 + Level 9.8 Axes
 + Level 11.3 Armour
 + Level 8.9 Dodging


You had 11 spell levels left.
You didn't know any spells.
Your spell library was empty.

Dungeon Overview and Level Annotations

Branches:
Dungeon (13/15)            Temple (1/1) D:6            Lair (2/6) D:11
    Orc (0/2) D:9
  Swamp: Lair:2-4    Shoals: Lair:2-4     Snake: Lair:2-4    Spider: Lair:2-4
 Vaults: D:13-14

Altars:
Ashenzari
Trog

Shops:
D:5 %   D:6 (

Portals:
Trove: D:12 (show slimy rune of Zot)

Annotations:
Lair:1 3 runed translucent doors, Hirchea's ghost, journeyman DrVM
Lair:2 Fannar


Innate Abilities, Weirdness & Mutations

You are resistant to torment.
Your stone body is resilient. (AC +8)
You are immune to poison.
You resist negative energy. (rN+)
You are resistant to electric shocks. (rElec)
You can survive without breathing.
You are immune to petrification.
You are immune to rotting.


Message History

You slash the ice beast!
Fannar points at you and mumbles some strange words.
The bolt of cold hits you!!
The ice beast hits you but does no damage.
Fannar hits you but does no damage.
You slice the ice beast!!
You kill the ice beast!
You hit Fannar.
Fannar casts a spell.
You miss Fannar.
Fannar is lightly wounded.
Fannar hits you but does no damage.
You closely miss Fannar.
Fannar is lightly wounded.
You slice the ice beast!!
Fannar glares icily.
Fannar points at you and mumbles some strange words.
The bolt of cold hits you!!!
Ouch! That really hurt!
You die...

.................................
.................................
......##.#........(..............
.......####......................
.....! ##.....##P....##...###.
...#.. ##.....#####P###### ##
#......# ### # ###....###
##.@...# #Ye...P# #.....##
.P...... ........## ..........#
##.........# ##.........


You could see Fannar and an ice beast.

Vanquished Creatures
  4 two-headed ogres
  2 unseen horrors (D:12)
  An ugly thing (D:9)
  2 cyclopes (D:11)
  Maurice (D:8)
  A gargoyle (D:9)
  2 spiny frogs (Lair:1)
  2 komodo dragons
  A kobold demonologist (D:12)
  A troll (D:8)
  3 hippogriffs
  Sigmund (D:4)
  9 yaks
  2 vampires
  2 hungry ghosts (D:9)
  Grum (D:8)
  3 water moccasins (Lair:1)
  6 porcupines
  Duvessa (D:5)
  2 sky beasts
  A necrophage (D:9)
  7 orc warriors
  6 phantoms
  4 black bears
  An eye of draining (D:10)
  3 ice beasts
  2 wolves (D:8)
  5 ogres
  3 centaurs
  11 big kobolds
  9 bullfrogs
  5 gnoll sergeants
  Dowan (D:5)
  2 wyvern skeletons
  2 scorpions
  10 killer bees
  5 wights (D:11)
  A howler monkey (D:5)
  6 crimson imps
  7 hounds
  3 orc priests
  2 jellies
  2 bullfrog skeletons (D:6)
  3 centaur skeletons
  4 orc wizards
  5 iguanas
  12 worker ants
  A killer bee zombie (D:6)
  A hound zombie (D:10)
  A hound skeleton (D:9)
  A worker ant zombie (D:6)
  13 gnolls
  11 adders
  5 shadow imps
  An adder skeleton (D:4)
  An adder zombie (D:8)
  2 worms
  3 dart slugs (D:1)
  7 leopard geckos
  34 orcs
  2 giant cockroaches (D:4)
  10 hobgoblins
  9 jackals
  16 kobolds
  5 quokkas
  A ball python (D:4)
  A ball python zombie (D:5)
  6 bats
  3 goblins
  2 quokka skeletons
  2 quokka zombies
  10 rats
  A plant (Lair:1)
318 creatures vanquished.

Vanquished Creatures (collateral kills)
  2 yaks (D:9)
2 creatures vanquished.

Vanquished Creatures (others)
  2 fungi (Lair:1)
  A plant (Lair:1)
3 creatures vanquished.

Grand Total: 323 creatures vanquished

Notes
Turn   | Place    | Note
-------+----------+-------------------------------------------
     0 | D:1      | Fang the Gargoyle Berserker began the quest for the Orb.
     0 | D:1      | Reached XP level 1. HP: 14/14 MP: 1/1
   140 | D:1      | Reached XP level 2. HP: 3/19 MP: 2/2
   572 | D:1      | Reached XP level 3. HP: 19/23 MP: 3/3
  1191 | D:2      | Reached ** piety under Trog
  1254 | D:2      | Reached XP level 4. HP: 7/29 MP: 4/4
  1859 | D:2      | Reached XP level 5. HP: 19/33 MP: 5/5
  2026 | D:2      | You fall through a shaft for 2 floors!
  2058 | D:4      | Noticed an ogre
  2069 | D:4      | Killed an ogre
  2179 | D:4      | Noticed Sigmund
  2192 | D:4      | Killed Sigmund
  2192 | D:4      | Reached XP level 6. HP: 40/40 MP: 6/6
  2294 | D:4      | Upgraded the game from 0.23.2-33-g5129a83 to
                  | 0.23.2-40-g277498a
  2362 | D:4      | Reached skill level 5 in Fighting
  2377 | D:4      | Reached XP level 7. HP: 35/44 MP: 7/7
  3375 | D:5      | Entered Level 5 of the Dungeon
  3522 | D:5      | Found Koanyich's Food Emporium.
  3606 | D:5      | Reached skill level 5 in Armour
  3659 | D:5      | Reached XP level 8. HP: 48/51 MP: 8/8
  3698 | D:5      | Noticed Duvessa
  3699 | D:5      | Noticed Dowan
  3708 | D:5      | Killed Duvessa
  3710 | D:5      | Killed Dowan
  3710 | D:5      | Reached skill level 5 in Axes
  4339 | D:6      | Reached *** piety under Trog
  4433 | D:6      | Found Vyvidoj's Antique Weapon Boutique.
  4609 | D:6      | Reached XP level 9. HP: 50/57 MP: 9/9
  4653 | D:6      | Reached skill level 5 in Dodging
  4663 | D:6      | Found a staircase to the Ecumenical Temple.
  4803 | Temple   | Entered the Ecumenical Temple
  5494 | D:8      | Reached **** piety under Trog
  5583 | D:8      | Noticed Maurice
  5609 | D:8      | Found a bloodstained altar of Trog.
  5630 | D:8      | Killed Maurice
  6318 | D:8      | Reached XP level 10. HP: 50/64 MP: 10/10
  6520 | D:8      | Noticed Grum
  6531 | D:8      | Killed Grum
  7608 | D:9      | Noticed a two-headed ogre
  7617 | D:9      | Noticed a white ugly thing
  7622 | D:9      | Killed a two-headed ogre
  7632 | D:9      | Killed a white ugly thing
  7976 | D:9      | Reached ***** piety under Trog
  8019 | D:9      | Noticed a gargoyle
  8031 | D:9      | HP: 4/99 [gargoyle/+0 morningstar (12)]
  8033 | D:9      | Killed a gargoyle
  8493 | D:9      | Reached XP level 11. HP: 71/71 MP: 11/11
  8782 | D:9      | Found a staircase to the Orcish Mines.
  9188 | D:9      | Reached skill level 10 in Fighting
  9537 | D:10     | Entered Level 10 of the Dungeon
  9537 | D:10     | Found a shattered altar of Ashenzari.
  9998 | D:10     | Received a gift from Trog
 10528 | D:11     | Reached skill level 10 in Armour
 10586 | D:11     | Noticed a two-headed ogre
 10592 | D:11     | Killed a two-headed ogre
 10650 | D:11     | Found a staircase to the Lair.
 10693 | D:11     | Noticed a cyclops
 10708 | D:11     | Killed a cyclops
 10776 | D:11     | Noticed a cyclops
 10784 | D:11     | Killed a cyclops
 11122 | Lair:1   | Entered Level 1 of the Lair of Beasts
 11162 | D:12     | Noticed a two-headed ogre
 11167 | D:12     | Killed a two-headed ogre
 11371 | D:12     | Noticed a two-headed ogre
 11381 | D:12     | Killed a two-headed ogre
 11549 | D:12     | Killed an unseen horror
 11549 | D:12     | Reached XP level 12. HP: 62/79 MP: 12/12
 11638 | D:12     | Received a gift from Trog
 11641 | D:12     | Got a smoking hand axe {god gift}
 11713 | D:12     | Found a portal to a secret trove of treasure.
 11835 | D:12     | Identified the +8 hand axe "Cujudo" {antimagic, Int+3}
                  | (Trog gifted it to you on level 12 of the Dungeon)
 12638 | Lair:1   | Found a runed translucent gate.
 12638 | Lair:1   | Found a runed translucent gate.
 12638 | Lair:1   | Found a runed translucent gate.
 12645 | Lair:1   | Noticed Hirchea's ghost (journeyman DrVM)
 12911 | Lair:2   | Noticed Fannar
 12918 | Lair:2   | Killed from afar by Fannar

Skill      XL: |  1  2  3  4  5  6  7  8  9 10 11 12 |
---------------+-------------------------------------+-----
Axes           | 3 4 5 6 8 9 |  9.8
Dodging        | 2 3 4 5 7 8 |  8.9
Armour         | 3 4 5 6 7 9 10 11 | 11.3
Fighting       | 4 5 7 8 9 10 11 | 11.5

Action                   |  1- 3 |  4- 6 |  7- 9 | 10-12 || total
-------------------------+-------+-------+-------+-------++-------
Melee: Hand axe          |   115 |   115 |   457 |   198 ||   885
       War axe           |       |       |       |   259 ||   259
       Battleaxe         |       |       |       |   155 ||   155
Invok: Berserk           |     2 |     3 |     4 |    13 ||    22
       Trog's Hand       |       |       |       |     1 ||     1
       Brothers in Arms  |       |       |       |     1 ||     1
  Use: Scroll            |       |       |       |    15 ||    15
  Eat: Chunk             |     2 |     8 |    16 |    28 ||    54
       Ration            |       |       |       |     3 ||     3
Armor: Animal skin       |    48 |    18 |       |       ||    66
       Chain mail        |       |    32 |   269 |       ||   301
       Plate armour      |       |       |    29 |   505 ||   534
       Crystal plate arm |       |       |       |    62 ||    62
Dodge: Dodged            |    86 |    69 |   241 |   392 ||   788
